 Dungeon Crawl Stone Soup version 0.25-a0-1079-g858b6a6ff6 (webtiles) character file.

Game seed: 6333157340207418188, levelgen mode: deterministic

56021 Flugslaktarn the Severer (level 14, -7/133 HPs)
             Began as a Deep Dwarf Fighter on May 15, 2020.
             Was the Champion of Makhleb.
             Mangled by a slime creature (12 damage)
             ... on level 12 of the Dungeon.
             The game lasted 00:10:43 (11242 turns).

Flugslaktarn the Severer (Deep Dwarf Fighter)      Turns: 11242, Time: 00:10:44

Health: -7/133     AC: 31    Str: 24    XL:     14   Next: 40%
Magic:  8/8        EV: 10    Int: 10    God:    Makhleb [******]
Gold:   876        SH:  0    Dex: 12    Spells: 13/13 levels left

rFire    . . .     SeeInvis .   H - +1 executioner's axe (chaos)
rCold    . . .     Gourm    .   (shield currently unavailable)
rNeg     + . .     Faith    +   K - +2 plate armour {rPois}
rPois    +         Spirit   .   C - +2 helmet
rElec    +         Reflect  .   I - scarf {repulsion}
rCorr    .         Harm     .   (no gloves)
MR       ++...                  B - +1 pair of boots
Stlth    ..........             c - amulet of faith
HPRegen  0.00/turn              p - +4 ring of protection
MPRegen  0.11/turn              J - ring "Hiloidgh" {*Drain +Fly rElec AC+4}

@: non-regenerating, repel missiles
A: damage resistance, heal wounds, negative energy resistance 1, sense
surroundings 2, no regeneration
a: Heal Wounds, Minor Destruction, Lesser Servant of Makhleb, Major Destruction,
Greater Servant of Makhleb, Renounce Religion, Evoke Flight


You were on level 12 of the Dungeon.
You worshipped Makhleb.
Makhleb was exalted by your worship.
You were not hungry.

You visited 3 branches of the dungeon, and saw 20 of its levels.
You also visited: Gauntlet.

You collected 1031 gold pieces.
You spent 155 gold pieces at shops.

Inventory:

Hand Weapons
 H - a +1 executioner's axe of chaos (weapon)
   (You took it off Rupert on level 3 of the Lair of Beasts)
 P - a +4 war axe of flaming
   (You found it on level 6 of the Lair of Beasts)
Missiles
 m - a throwing net (quivered)
Armour
 B - a +1 pair of boots (worn)
   (You found it on level 1 of the Lair of Beasts)
 C - a +2 helmet (worn)
   (You found it on level 5 of the Dungeon)
 I - a scarf of repulsion (worn)
   (You found it in a Gauntlet)
 K - a +2 plate armour of poison resistance (worn)
   (You took it off a minotaur in a Gauntlet)
 N - the +4 plate armour of Dejit {rN+ Dex+2 Stlth-}
   (You found it on level 6 of the Lair of Beasts)

   It affects your dexterity (+2).
   It protects you from negative energy.
   It makes you less stealthy.
Jewellery
 c - an amulet of faith (around neck)
   (You found it on level 6 of the Lair of Beasts)
 f - an uncursed ring of protection from fire
   (You found it on level 1 of the Dungeon)
 i - an uncursed ring of see invisible
   (You found it on level 2 of the Lair of Beasts)
 o - an uncursed ring of poison resistance
   (You found it on level 7 of the Dungeon)
 p - a +4 ring of protection (left hand)
   (You found it on level 10 of the Dungeon)
 J - the ring "Hiloidgh" (right hand) {*Drain +Fly rElec AC+4}
   (You found it in a Gauntlet)

   [ring of protection]

   It affects your AC (+4).
   It insulates you from electricity.
   It lets you fly.
   It causes draining when unequipped.
Wands
 k - a wand of paralysis (1)
   (You took it off Psyche on level 11 of the Dungeon)
 E - a wand of iceblast (9)
   (You found it on level 5 of the Lair of Beasts)
Scrolls
 b - a scroll of summoning
 l - 3 scrolls of fear
 s - 2 scrolls of holy word
 t - 4 scrolls of teleportation
 u - 2 scrolls of enchant armour
 x - 13 scrolls of remove curse
 z - a scroll of blinking
 A - a scroll of magic mapping
 D - 5 scrolls of fog
Potions
 d - 4 potions of might
 g - 4 potions of lignification
 h - 2 potions of haste
 j - 2 potions of stabbing
 n - 4 potions of flight
 q - 8 potions of curing
 v - a potion of ambrosia
 w - 2 potions of heal wounds
 y - a potion of invisibility
 G - a potion of magic
Comestibles
 a - 8 chunks of flesh
 e - 30 rations


   Skills:
 + Level 10.3 Fighting
 * Level 15.8 Axes
 + Level 12.1 Armour
 + Level 5.1 Dodging
   Level 9.0 Shields
 + Level 13.0 Invocations
 - Level 6.0 Evocations


You had 13 spell levels left.
You didn't know any spells.
Your spell library was empty.

Dungeon Overview and Level Annotations

Branches:
Dungeon (13/15)            Temple (1/1) D:4            Lair (6/6) D:10
 Shoals (0/4) Lair:2       Spider (0/4) Lair:3        Slime (0/5) Lair:5
Gauntlet (visited)
    Orc: D:9-12      Vaults: D:13-14

Altars:
Cheibriados
Dithmenos
Elyvilon
Fedhas
Gozag
Hepliaklqana
Kikubaaqudgha
Makhleb
Nemelex Xobeh
Okawaru
Qazlal
Ru
Trog
Uskayaw
Vehumet
Wu Jian
Xom
Yredelemnul
Zin
The Shining One
Jiyva

Shops:
D:5 (:(*

Annotations:
D:4 exclusion: statue
Lair:4 exclusion: 4 oklob plants
Lair:6 3 runed translucent doors, kae's ghost, journeyman MfIE


Innate Abilities, Weirdness & Mutations

You are resistant to damage.
You can heal yourself by infusing magical energy.
You resist negative energy. (rN+)
You passively map the area around you.
You do not regenerate.


Message History

The large slime creature is lightly wounded.
You slice the enormous slime creature!!
The large slime creature barely misses you.
You slash the large slime creature!
Space bends around the large slime creature.
The large slime creature is moderately wounded.
You hit the enormous slime creature. You drain the enormous slime creature.
The enormous slime creature hits you!!!
* * * LOW HITPOINT WARNING * * *
A large slime creature splits.
The enormous slime creature hits you!!
* * * LOW HITPOINT WARNING * * *
You hear a shout! x4; You hear a bark!
You are too injured to fight recklessly!
You hit the slime creature.
The slime creature flickers and vanishes!
Deactivating autopickup; reactivate with Ctrl-A.
You slash the enormous slime creature!
The enormous slime creature suddenly stops moving!
You completely miss the slime creature. The slime creature hits you!
You die...

########### * * * **
#.........##########
, *,
#.#####>..#........#
, *, #...'........#
, ,, *,
#...#.{......# , *,
** #...#.J@###### ,,
, ,....[###J# * * ,
* * +*####### ... ,
, , , *,, ,+ ,#...#,
, * , ,,, #.#.# , *
* *#.,.# , , , ,, ..
.. , , , * ..,.. ,,
* ,** * , , *


You could see an enormous slime creature (strong, paralysed, drained) and a
slime creature (strong).

Vanquished Creatures
  Rupert (Lair:3)
  Gastronok (D:11)
  Kirke (Lair:4)
  A frost giant (D:10)
  A dire elephant (Lair:6)
  Harold (D:11)
  A hydra (Lair:6)
  2 centaur warriors (D:13)
  A catoblepas (Lair:6)
  3 two-headed ogres
  A death scarab (Gauntlet)
  9 death yaks (Lair:6)
  A tengu warrior (Gauntlet)
  A deep troll shaman (Lair:6)
  A spectral catoblepas (Gauntlet)
  A sixfirhy (Gauntlet)
  A spectral hydra (Gauntlet)
  A cyclops (D:11)
  9 elephants (Lair:6)
  6 black mambas
  Psyche (D:11)
  2 centaur skeletons (D:11)
  11 spiny frogs
  A kobold demonologist (D:13)
  5 komodo dragons
  A tengu conjurer (Gauntlet)
  Grinder (D:5)
  2 polar bears
  A troll (D:13)
  A spectral dream sheep (Gauntlet)
  9 hippogriffs
  11 blink frogs
  A snapping turtle (Lair:2)
  A tarantella (Lair:3)
  Sigmund (D:6)
  30 yaks
  11 hogs
  A human (D:7)
  A vampire (D:13)
  A wyvern (Lair:4)
  2 hungry ghosts
  A basilisk (Lair:2)
  A spectral spiny frog (Gauntlet)
  Menkaure (D:4)
  12 water moccasins
  An acid dragon (D:11)
  11 porcupines
  7 orc warriors
  4 black bears
  5 ice beasts
  6 sky beasts
  A boggart (D:11)
  18 wolves
  An ogre (D:8)
  6 centaurs
  2 big kobolds
  10 crocodiles
  10 bullfrogs
  2 wyvern zombies
  4 scorpions
  10 killer bees
  3 wights (D:6)
  2 howler monkeys
  2 electric eels
  A crimson imp (D:5)
  A bullfrog zombie (D:13)
  2 centaur zombies
  3 jellies
  10 orc priests
  3 hounds
  3 bullfrog skeletons
  A gnoll shaman (D:9)
  11 orc wizards
  3 iguanas
  8 worker ants
  A hound zombie (D:9)
  2 worker ant zombies
  A howler monkey zombie (D:5)
  5 gnolls (D:9)
  5 adders
  2 shadow imps
  2 ufetubi (Gauntlet)
  2 oozes
  2 adder zombies
  2 worms (D:4)
  A dart slug (D:2)
  A leopard gecko (D:9)
  41 orcs
  A bat (D:1)
  5 giant cockroaches
  A goblin (D:3)
  16 jackals
  2 quokkas
  A ball python (D:6)
  2 frilled lizards (D:1)
  A jackal skeleton (D:5)
  A jackal zombie (D:5)
  11 kobolds
  2 leopard gecko zombies (D:5)
  2 rats
  5 fungi
  10 plants
432 creatures vanquished.

Vanquished Creatures (collateral kills)
  A minotaur (Gauntlet)
  A hydra (Lair:3)
  A centaur skeleton (D:10)
  2 polar bears (D:10)
  A blink frog (Lair:6)
  A yak (Lair:6)
  A wyvern (Lair:6)
  A water moccasin (Lair:3)
  An ice beast (D:10)
  A phantom (D:10)
  2 crocodiles (Lair:6)
  A jelly (D:10)
  2 orcs (D:10)
  A plant (Lair:6)
17 creatures vanquished.

Vanquished Creatures (others)
  15 fungi
  5 plants
20 creatures vanquished.

Grand Total: 469 creatures vanquished

Notes
Turn   | Place    | Note
-------+----------+-------------------------------------------
     0 | D:1      | Flugslaktarn the Deep Dwarf Fighter began the quest for the
                  | Orb.
     0 | D:1      | Reached XP level 1. HP: 20/20 MP: 1/1
   190 | D:2      | Reached XP level 2. HP: 22/27 MP: 2/2
   225 | D:4      | Reached skill level 3 in Axes
   225 | D:4      | Reached XP level 3. HP: 22/34 MP: 3/3
   231 | D:4      | Reached XP level 4. HP: 34/42 MP: 4/4
   251 | D:4      | Found a radiant altar of Vehumet.
   251 | D:4      | Noticed a frost-covered statue
   563 | D:4      | Noticed Menkaure
   578 | D:4      | Killed Menkaure
   578 | D:4      | Reached skill level 4 in Axes
   578 | D:4      | Reached XP level 5. HP: 17/49 MP: 3/3
   684 | D:4      | Found a staircase to the Ecumenical Temple.
   804 | D:4      | Reached XP level 6. HP: 30/56 MP: 3/3
   835 | Temple   | Entered the Ecumenical Temple
   883 | Temple   | Became a worshipper of Makhleb the Destroyer
  1148 | D:5      | Entered Level 5 of the Dungeon
  1148 | D:5      | Found Biaqaas's Assorted Antiques.
  1148 | D:5      | Found Sextit's Antique Weapon Shop.
  1148 | D:5      | Noticed a yak
  1148 | D:5      | Noticed a yak
  1148 | D:5      | Noticed a yak
  1148 | D:5      | Noticed a yak
  1148 | D:5      | Noticed a yak
  1149 | D:5      | Noticed a yak
  1173 | D:4      | Killed a yak
  1173 | D:4      | Reached skill level 5 in Axes
  1173 | D:4      | Reached skill level 1 in Invocations
  1179 | D:4      | Killed a yak
  1179 | D:4      | Reached XP level 7. HP: 45/64 MP: 3/5
  1181 | D:4      | Killed a yak
  1181 | D:4      | Reached skill level 5 in Armour
  1181 | D:4      | Reached skill level 5 in Shields
  1184 | D:4      | Killed a yak
  1184 | D:4      | Reached skill level 6 in Axes
  1214 | D:5      | Found an opulent altar of Gozag.
  1266 | D:5      | Killed a yak
  1266 | D:5      | Reached XP level 8. HP: 61/73 MP: 7/7
  1335 | D:5      | Found a white marble altar of Elyvilon.
  1384 | D:5      | Found Puoroj's Weapon Shop.
  1449 | D:5      | Reached skill level 7 in Axes
  1456 | D:5      | Noticed Grinder
  1473 | D:5      | Paralysed by Grinder for 2 turns
  1483 | D:5      | Paralysed by Grinder for 2 turns
  1487 | D:5      | Killed Grinder
  1487 | D:5      | Reached skill level 5 in Fighting
  1496 | D:5      | Reached * piety under Makhleb
  1620 | D:5      | Found Owuom's Book Emporium.
  1687 | D:5      | Noticed an angel
  1688 | D:5      | Found a glowing silver altar of Zin.
  1780 | D:5      | Bought 3 scrolls labeled IMNOMOBRE for 69 gold pieces
  1780 | D:5      | Bought a bubbling amethyst potion for 20 gold pieces
  1780 | D:5      | Bought a scroll labeled JONKOFU KOZUGH for 23 gold pieces
  1780 | D:5      | Bought a scroll labeled RYNENKIUDI for 23 gold pieces
  1780 | D:5      | Bought a metallic yellow potion for 20 gold pieces
  1891 | D:6      | Reached skill level 5 in Invocations
  1938 | D:6      | Reached skill level 8 in Axes
  1938 | D:6      | Gained mutation: You passively map the area around you.
                  | [Deep Dwarf growth]
  1938 | D:6      | Reached XP level 9. HP: 67/81 MP: 9/9
  2060 | D:6      | Noticed Sigmund
  2076 | D:6      | Killed Sigmund
  2111 | D:6      | Found a blossoming altar of Fedhas.
  2460 | D:7      | Reached ** piety under Makhleb
  2481 | D:7      | Reached skill level 9 in Axes
  2886 | D:7      | Reached XP level 10. HP: 83/91 MP: 10/12
  3073 | D:7      | Reached *** piety under Makhleb
  3106 | D:8      | Reached skill level 10 in Axes
  3832 | D:9      | Reached **** piety under Makhleb
  4166 | D:9      | Found a snail-covered altar of Cheibriados.
  4236 | D:9      | Reached skill level 11 in Axes
  4286 | D:9      | Noticed a two-headed ogre
  4289 | D:9      | Noticed a two-headed ogre
  4296 | D:9      | HP: 3/94 [two-headed ogre/+0 giant spiked club (22)]
  4308 | D:9      | Killed a two-headed ogre
  4308 | D:9      | Reached XP level 11. HP: 66/100 MP: 13/13
  4316 | D:9      | Killed a two-headed ogre
  4611 | D:10     | Entered Level 10 of the Dungeon
  4662 | D:10     | Noticed a two-headed ogre
  4680 | D:10     | Killed a two-headed ogre
  4746 | D:10     | Noticed a frost giant
  4747 | D:10     | Identified the cursed +1 battleaxe of Frustration {freeze,
                  | rElec rF- rN+ MR+}
  4771 | D:10     | Killed a frost giant
  4976 | D:10     | Reached ***** piety under Makhleb
  5070 | D:10     | Found a staircase to the Lair.
  5075 | D:10     | Reached skill level 12 in Axes
  5081 | Lair:1   | Entered Level 1 of the Lair of Beasts
  6110 | Lair:2   | Reached skill level 10 in Invocations
  6298 | Lair:2   | Reached XP level 12. HP: 69/110 MP: 13/13
  6332 | Lair:2   | Found a hazy altar of Hepliaklqana.
  6535 | Lair:2   | Found a staircase to the Shoals.
  6639 | Lair:3   | Noticed a seven-headed hydra
  6654 | Lair:3   | Killed an 11-headed hydra
  6678 | Lair:3   | Noticed Rupert
  6701 | Lair:3   | Killed Rupert
  6701 | Lair:3   | Reached skill level 13 in Axes
  6701 | Lair:3   | Reached skill level 10 in Armour
  6926 | Lair:3   | Found a hole to the Spider Nest.
  7812 | Lair:4   | Noticed Kirke
  7820 | Lair:4   | Reached skill level 14 in Axes
  7832 | Lair:4   | Noticed a sphinx
  7832 | Lair:4   | Killed Kirke
  7855 | Lair:4   | Reached XP level 13. HP: 112/121 MP: 15/15
  8645 | Lair:5   | Found a viscous altar of Jiyva.
  8646 | Lair:5   | Found a staircase to the Slime Pits.
  8979 | Lair:5   | Found a sacrificial altar of Ru.
  9152 | Lair:6   | Entered Level 6 of the Lair of Beasts
  9167 | Lair:6   | Reached skill level 1 in Dodging
  9176 | Lair:6   | Found a gate leading to a gauntlet.
  9183 | Gauntlet | Entered a Gauntlet
  9183 | Gauntlet | Found a transporter.
  9193 | Gauntlet | Found a transporter.
  9201 | Gauntlet | Found a transporter.
  9203 | Gauntlet | Found a transporter.
  9219 | Gauntlet | Found a transporter.
  9227 | Gauntlet | Found a transporter.
  9237 | Gauntlet | Found a transporter.
  9245 | Gauntlet | Noticed a reaper
  9247 | Gauntlet | Found a transporter.
  9261 | Gauntlet | Found a transporter.
  9271 | Gauntlet | Found a transporter.
  9275 | Gauntlet | Found a transporter.
  9317 | Gauntlet | Found a transporter.
  9331 | Gauntlet | Found a transporter.
  9333 | Gauntlet | Noticed a death ooze
  9412 | Gauntlet | Found a transporter.
  9532 | Gauntlet | Reached ****** piety under Makhleb
  9575 | Gauntlet | HP: 1/122 [death scarab (16)]
  9600 | Gauntlet | Got a crude bone ring
  9601 | Gauntlet | Identified the Compendium of the Ensnaring Escort
  9711 | Gauntlet | Noticed a minotaur
  9734 | Gauntlet | Killed a minotaur
  9780 | Lair:6   | Got a brightly glowing plate armour
  9798 | Lair:6   | Identified the +4 plate armour of Dejit {rN+ Dex+2 Stlth-}
                  | (You found it on level 6 of the Lair of Beasts)
  9802 | Lair:6   | Identified the ring "Hiloidgh" {*Drain +Fly rElec AC+4}
                  | (You found it in a Gauntlet)
  9956 | Lair:6   | Reached skill level 15 in Axes
 10003 | Lair:6   | Reached skill level 10 in Fighting
 10109 | Lair:6   | Found a runed translucent gate.
 10109 | Lair:6   | Found a runed translucent gate.
 10109 | Lair:6   | Found a runed translucent gate.
 10114 | Lair:6   | Noticed a death ooze
 10116 | Lair:6   | Noticed kae's ghost (journeyman MfIE)
 10395 | Lair:6   | Noticed a dire elephant
 10396 | Lair:6   | Gained mutation: You resist negative energy. (rN+) [Deep
                  | Dwarf growth]
 10396 | Lair:6   | Reached XP level 14. HP: 82/132 MP: 8/8
 10592 | Lair:6   | Found a viscous altar of Jiyva.
 10777 | D:11     | Reached skill level 1 in Evocations
 10963 | D:11     | Noticed Gastronok
 10976 | D:11     | Killed Gastronok
 10976 | D:11     | Reached skill level 5 in Evocations
 11015 | D:11     | Noticed Psyche
 11026 | D:11     | Killed Psyche
 11048 | D:11     | Noticed Harold
 11055 | D:11     | Killed Harold
 11062 | D:11     | You fall into a shaft and drop 2 floors!
 11121 | D:13     | Reached skill level 5 in Dodging
 11241 | D:12     | HP: 5/133 [enormous slime creature (26)]
 11242 | D:12     | Mangled by a slime creature

Illustrated notes

Levels and vault maps discovered:
D:1:      saegor_arrival_simple_d, layout_loops_ring
D:2:      layout_loops_cross
D:3:      layout_basic, first_ration
D:4:      layout_layer_cave, vehumet_statue, minmay_temple_entry_grid,
          uniq_menkaure
D:5:      layout_rooms, lemuel_crystal_altar, grunt_gozag_statues, zin_angel,
          serial_undead, serial_undead_f, serial_undead_c, serial_undead_b,
          serial_undead_f, serial_shops, nicolae_shop_stone, shop, shop_coins,
          shop_statue, uniq_grinder
D:6:      layout_cave_pools, old_standard_altar, serial_column_ruins,
          column_ruins_courtyard_long, column_ruins_open_medium_water,
          column_ruins_corridor_corner, column_ruins_open_tiny,
          column_ruins_open_tiny, column_ruins_grid_3, uniq_sigmund
D:7:      layout_basic, grunt_livestock
D:8:      layout_rooms
D:9:      layout_basic, kennysheep_mini, skrybe_limestone_x
D:10:     minmay_coctagon, layout_basic, grunt_lair_entry_orc_guard_hut
D:11:     layout_loops_ring, serial_shops, nicolae_shop_waterfront,
          gammafunk_ghost_mausoleum, uniq_psyche, uniq_grum, uniq_harold,
          uniq_gastronok
D:12:     layout_stronghold, minmay_orc_entry_guard_dogs
D:13:     layout_gridville
Temple:   nicolae_temple_elliptical
Lair:1:   layout_cave_pods, serial_bayou_lagoon_a
Lair:2:   layout_regular_city, minmay_shoals_entry_hut, basic_altar
Lair:3:   layout_gridlike, spider_nest_entry_rubble, st_stairs_12,
          serial_bayou_pond_b, cheibrodos_lair_reptile_den, uniq_rupert
Lair:4:   wander_river, layout_cave_pods, minmay_lair_oklob_chamber, uniq_kirke
Lair:5:   layout_misc_corridors, dpeg_slime_entry_enclosed_altar, basic_altar,
          chequers_serial_rivers_micro_a, infiniplex_staircase_pool,
          serial_bayou_shore_a
Lair:6:   grunt_lair_end_beastmaster, layout_long_grid, gammafunk_ghost_ooze,
          gauntlet_entry_generic, infiniplex_staircase_pool_2

Skill      XL: |  1  2  3  4  5  6  7  8  9 10 11 12 13 14 |
---------------+-------------------------------------------+-----
Fighting       | 3 4 5 6 7 8 9 10 | 10.3
Axes           | 3 4 5 6 8 9 11 12 14 15 | 15.8
Armour         | 4 5 6 7 8 9 10 11 12 | 12.1
Shields        | 4 5 6 7 8 9 |  9.0
Invocations    | 2 3 5 6 8 10 11 12 13 | 13.0
Dodging        | 4 5 |  5.1
Evocations     | 6 |  6.0

Action                   |  1- 3 |  4- 6 |  7- 9 | 10-12 | 13-15 || total
-------------------------+-------+-------+-------+-------+-------++-------
Melee: War axe           |    36 |    49 |   408 |   471 |       ||   964
       Battleaxe         |       |       |       |   171 |       ||   171
       Executioner's axe |       |       |       |   154 |   437 ||   591
Invok: Lesser Servant of |       |       |       |     7 |     6 ||    13
 Abil: Heal Wounds       |     1 |     7 |     9 |    22 |    33 ||    72
Evoke: Wand              |       |       |       |       |     4 ||     4
  Use: Potion            |       |     1 |       |     3 |     3 ||     7
       Scroll            |       |       |     7 |    14 |    10 ||    31
 Stab: Distracted        |       |       |       |     1 |     1 ||     2
       Paralysed         |       |       |       |       |     1 ||     1
  Eat: Chunk             |       |     1 |     7 |    24 |     9 ||    41
       Ration            |       |       |       |       |     1 ||     1
Armor: Scale mail        |    14 |       |       |       |       ||    14
       Plate armour      |       |    34 |   335 |   732 |   856 ||  1957
Dodge: Dodged            |     8 |     8 |    72 |   274 |   380 ||   742
       Repelled          |       |       |       |       |     7 ||     7
Block: Kite shield       |    14 |    29 |   265 |   312 |       ||   620
       Other             |       |       |       |       |    45 ||    45

Table legend:
 A = Non-vault XP
 B = Vault XP
 C = Vault XP percentage of total XP
 D = Non-vault monster count
 E = Vault monster count
 F = Vault count percentage of total count
                 A         B        C        D         E       F
            +---------+---------+-------+---------+---------+-------
      Total |   48406 |   31625 |  39.5 |     354 |      79 |  18.2
            +---------+---------+-------+---------+---------+-------
        D:1 |       9 |       0 |   0.0 |       7 |       0 |   0.0
        D:2 |       5 |       0 |   0.0 |       2 |       0 |   0.0
        D:3 |       4 |       0 |   0.0 |       2 |       0 |   0.0
        D:4 |    1026 |     154 |  13.1 |      14 |       1 |   6.7
        D:5 |     999 |     335 |  25.1 |      27 |       7 |  20.6
        D:6 |     988 |     212 |  17.7 |      26 |       1 |   3.7
        D:7 |    1788 |     979 |  35.4 |      39 |       5 |  11.4
        D:8 |    1291 |       0 |   0.0 |      21 |       0 |   0.0
        D:9 |    4750 |       0 |   0.0 |      48 |       0 |   0.0
       D:10 |    2046 |    3138 |  60.5 |      21 |      12 |  36.4
       D:11 |    2754 |    3666 |  57.1 |      21 |       3 |  12.5
       D:13 |    3149 |       0 |   0.0 |      11 |       0 |   0.0
     Lair:1 |    2053 |       0 |   0.0 |      12 |       0 |   0.0
     Lair:2 |    2798 |     247 |   8.1 |      12 |       1 |   7.7
     Lair:3 |    6521 |    4050 |  38.3 |      30 |       7 |  18.9
     Lair:4 |    1224 |    3985 |  76.5 |       5 |      12 |  70.6
     Lair:5 |    3618 |       0 |   0.0 |      19 |       0 |   0.0
     Lair:6 |   13383 |    9249 |  40.9 |      37 |      19 |  33.9
   Gauntlet |       0 |    5610 | 100.0 |       0 |      11 | 100.0
            +---------+---------+-------+---------+---------+-------
